 Dungeon Crawl Stone Soup version 0.31-a0-1338-gb567cfdca4 (webtiles) character file.

Game seed: 18434057750747619988

25400 croobank the Covert (level 12, -4/150 HPs)
             Began as a Demigod Fire Elementalist on Dec 23, 2023.
             Slain by an ice beast (10 damage)
             ... summoned by an ice statue
             ... in an ice cave.
             The game lasted 01:00:16 (19964 turns).

croobank the Covert (Demigod Fire Elementalist)    Turns: 19964, Time: 01:00:17

Health: -4/150     AC: 30    Str:  9    XL:     12   Next: 53%
Magic:  35/35      EV:  2    Int: 35    God:
Gold:   980        SH:  0    Dex: 14    Spells: 8/24 levels left

rFire   . . .        k - +5 dagger (drain)
rCold   . . .        (no shield)
rNeg    . . .        s - melded +0 plate armour {rC+}
rPois   +            p - melded +2 helmet {SInv}
rElec   .            t - melded +2 cloak
rCorr   +            (gloves currently unavailable)
SInv    .            (boots currently unavailable)
Will    +....        h - amulet of regeneration
Stlth   +++++        j - +4 ring of protection
HPRegen 1.25/turn    x - ring "Ymocujyo" {rCorr MP+9 Int+2 Stlth+}
MPRegen 0.24/turn

%: no passive effects
@: tree-form
A: stationary, stasis, torment immunity, boosted hp, high MP 1, forlorn, divine
attributes
a: no special abilities


You were in an ice cave.
You were a tree.
You visited 1 branch of the dungeon, and saw 13 of its levels.
You also visited: Gauntlet and Ice Cave.

You collected 980 gold pieces.

Inventory:

Hand Weapons
 k - a +5 dagger of draining (weapon)
 C - a +0 orcbow
 E - a +1 short sword of speed
 F - a +0 long sword of holy wrath
 L - a +2 long sword of flaming
 Q - a +1 shortbow of freezing
Missiles
 i - 52 poisoned darts
 o - 2 curare-tipped darts
 q - 7 atropa-tipped darts (quivered)
 r - 5 javelins
 v - 5 boomerangs
Armour
 e - a +5 ring mail
 p - a +2 helmet of see invisible (melded)
 s - a +0 plate armour of cold resistance (melded)
 t - a +2 cloak (melded)
 u - a scarf of shadows
 S - a scarf of invisibility
 T - the +8 fire dragon scales of Bitterness {^Drain rF++ rC- rCorr Int+5 Dex-2}
   (You found it in a Gauntlet)

   Int+5:     It affects your intelligence (+5).
   Dex-2:     It affects your dexterity (-2).
   rF++:      It greatly protects you from fire.
   rC-:       It makes you vulnerable to cold.
   rCorr:     It protects you from acid and corrosion.
   ^Drain:    It drains your maximum health when unequipped.
Jewellery
 h - an amulet of regeneration (around neck)
 j - a +4 ring of protection (left branch)
 n - a ring of fire
 x - the ring "Ymocujyo" (right branch) {rCorr MP+9 Int+2 Stlth+}
   (You found it on level 6 of the Dungeon)

   [ring of magical power]

   Int+2:     It affects your intelligence (+2).
   MP+9:      It affects your magic capacity (+9).
   rCorr:     It protects you from acid and corrosion.
   Stlth+:    It makes you more stealthy.
 G - an amulet of reflection
 I - a ring of fire
Wands
 l - a wand of flame (15)
 z - a wand of charming (3)
 K - a wand of polymorph (5)
 P - a wand of mindburst (6)
Scrolls
 a - 4 scrolls of teleportation
 d - a scroll of enchant armour
 f - 2 scrolls of identify
 w - a scroll of revelation
 B - a scroll of noise
 N - 2 scrolls of amnesia
Potions
 b - 2 potions of magic
 c - a potion of brilliance
 A - 6 potions of ambrosia
 J - a potion of mutation
Miscellaneous
 O - a phantom mirror (inert)
 U - a lightning rod (inert)


   Skills:
 + Level 7.1 Fighting
 - Level 5.0 Short Blades
 - Level 7.0 Armour
 + Level 7.3 Dodging
 + Level 8.1 Stealth
 + Level 6.7 Spellcasting
 + Level 7.0 Conjurations
 - Level 5.0 Hexes
 + Level 2.3 Translocations
 + Level 7.6 Fire Magic


You had 8 spell levels left.
You knew the following spells:

 Your Spells              Type           Power      Damage    Failure   Level
a - Foxfire               Conj/Fire      100%       2x1d9     1%          1
b - Scorch                Fire           100%       2d9       1%          2
c - Inner Flame           Hex/Fire       54%        N/A       1%          3
d - Tukima's Dance        Hex            46%        N/A       1%          3
e - Flame Wave            Conj/Fire      58%        2d14      1%          4
f - Apportation           Tloc           56%        N/A       1%          1
g - Jinxbite              Hex            92%        N/A       1%          2

Your spell library contained the following spells:

 Spells                   Type           Power      Damage    Failure   Level
 Ensorcelled Hibernation  Hex/Ice        58%        N/A       1%          2
 Volatile Blastmotes      Fire/Tloc      92%        2d17      1%          3
 Fugue of the Fallen      Necr           11%        N/A       11%         3
 Anguish                  Hex/Necr       14%        N/A       12%         4
 Passage of Golubria      Tloc           28%        N/A       13%         4
 Olgreb's Toxic Radiance  Alch           11%        N/A       34%         4
 Yara's Violent Unravell  Hex/Alch       14%        3d7       34%         5
 Summon Forest            Summ/Tloc      9%         N/A       52%         5
 Alistair's Intoxication  Alch           7%         N/A       67%         5
 Enfeeble                 Hex            23%        N/A       98%         7
 Eringya's Noxious Bog    Alch           5%         4d6       99%         6
 Ozocubu's Refrigeration  Ice            5%         4d8       100%        7
 Summon Hydra             Summ           5%         N/A       100%        7
 Discord                  Hex            23%        N/A       100%        8


Dungeon Overview and Level Annotations

Branches:
Dungeon (13/15)            Temple (0/1) D:4            Lair (0/5) D:8
    Orc (0/2) D:11          IceCv (1/1)             Gauntlet (visited)
 Vaults: D:13-14

Annotations:
D:11 2 runed translucent doors, jasper's ghost, journeyman OnCA IceCv exclusion: ice statue


Innate Abilities, Weirdness & Mutations

You are a tree.
Your roots penetrate the ground, keeping you stationary.
You cannot be teleported.
You are immune to unholy pain and torment.
Your maximum health is greatly increased.
Your equipment is partially melded.
You have an increased reservoir of magic. (+10% MP)
You shall have no god before yourself.
Your divine heritage dramatically boosts your attributes as you level up.


Message History

Press: ? - help, Shift-Dir - straight line, f/p - ice statue
Aim: an ice statue (almost destroyed, 100% to hit)
The puff of flame hits the ice statue.
The ice statue is almost destroyed.
The ice beast hits you but does no damage. x3
Aiming: Throw Flame
Press: ? - help, Shift-Dir - straight line, f/p - ice statue
Aim: an ice statue (almost destroyed, 100% to hit)
The puff of flame hits the ice statue but does no damage.
The ice statue is almost destroyed.
The ice beast hits you but does no damage.
The ice beast barely misses you.
The ice beast hits you but does no damage.
You hit the ice statue but do no damage.
The ice statue is almost destroyed.
The ice beast hits you but does no damage.
The ice beast hits you.
* * * LOW HITPOINT WARNING * * *
The ice beast freezes you!
* * * LOW HITPOINT WARNING * * *
The ice beast hits you but does no damage.
Aiming: Throw Flame
Press: ? - help, Shift-Dir - straight line, f/p - ice statue
Aim: an ice statue (almost destroyed, 100% to hit)
The puff of flame hits the ice statue but does no damage.
The ice statue is almost destroyed.
The ice beast hits you but does no damage. x3
Aiming: Throw Flame
Press: ? - help, Shift-Dir - straight line, f/p - ice statue
Aim: an ice statue (almost destroyed, 100% to hit)
The puff of flame hits the ice statue.
The ice statue melts!
The ice statue is almost destroyed.
The ice statue gestures at you. The bolt of cold hits you!
* * * LOW HITPOINT WARNING * * *
The ice beast hits you but does no damage. x2
The ice beast hits you.
* * * LOW HITPOINT WARNING * * *
The ice beast freezes you!
You die...

##...# #...## ##..#
##.## ########
###..####.#.☼..##
#.##..##.....#..##
.#.##..##..####..#
#..#....##..###Y.#
.##.#†.###..##.Y♣#
####..####...##Y8.#
##..####...####...#
#...##...### #.###
#..##...## )#.
#......## # .
##...### # #####


You could see an ice statue and 3 ice beasts.

Vanquished Creatures
  Gastronok (D:12)
  A minotaur (Gauntlet)
  Erolcha (D:12)
  A centaur warrior (D:13)
  A boulder beetle (D:11)
  A two-headed ogre (D:9)
  A thrashing horror (Gauntlet)
  Sonja (D:12)
  A deep elf pyromancer (D:9)
  3 cyclopes
  An ugly thing (D:12)
  A manticore (D:12)
  Maggie (D:7)
  A gargoyle (D:12)
  Jeremiah (D:8)
  3 unseen horrors (D:11)
  A komodo dragon (D:12)
  2 kobold demonologists
  3 trolls
  Psyche (D:8)
  A queen bee (D:8)
  A meliai (Gauntlet)
  A polar bear (IceCv)
  Prince Ribbit (D:5)
  Grinder (D:3)
  Sigmund (D:4)
  5 shadows
  14 slime creatures
  2 wraiths
  2 wyverns
  2 basilisks
  12 yaks
  Eustachio (D:4)
  A steam dragon (D:8)
  4 vampire mosquitoes
  Menkaure (D:4)
  Edmund (D:6)
  An acid dragon (D:13)
  A water moccasin (D:8)
  5 orc warriors
  2 ice beasts (D:7)
  A sky beast (D:7)
  A black bear (D:5)
  5 wolves (IceCv)
  2 ogres
  6 centaurs
  A phantom (D:7)
  6 bullfrogs
  3 kobold brigands
  2 small abominations (Gauntlet)
  2 gnoll sergeants
  4 scorpions
  22 killer bees
  7 howler monkeys
  An electric eel (D:7)
  2 crimson imps (Gauntlet)
  A jelly (D:5)
  3 hounds
  A gnoll bouda (D:6)
  6 orc priests
  11 orc wizards
  4 iguanas
  20 gnolls
  7 adders
  13 white imps
  A worm (D:4)
  4 dart slugs
  28 orcs
  3 ball pythons
  11 bats
  7 endoplasms
  6 giant cockroaches
  7 goblins
  8 hobgoblins
  11 jackals
  A quokka (D:4)
  4 frilled lizards
  18 kobolds
  3 rats
330 creatures vanquished.

Vanquished Creatures (collateral kills)
  A boulder beetle (D:13)
  2 ogres (D:11)
  A killer bee (D:8)
  A gnoll (D:11)
  An orc (D:11)
6 creatures vanquished.

Vanquished Creatures (others)
  An arcanist (D:8)
  A meliai (Gauntlet)
  2 dancing weapons (D:11)
  A white imp (D:13)
  A kobold (D:8)
  555 foxfires
561 creatures vanquished.

Grand Total: 897 creatures vanquished

Notes
Turn   | Place    | Note
-------+----------+-------------------------------------------
     0 | D:1      | croobank the Demigod Fire Elementalist began the quest for
                  | the Orb.
     0 | D:1      | Reached XP level 1. HP: 14/14 MP: 5/5
    86 | D:1      | Reached skill level 1 in Conjurations
   321 | D:1      | Reached skill level 2 in Stealth
   394 | D:1      | Reached XP level 2. HP: 20/20 MP: 5/7
   415 | D:1      | Learned a level 2 spell: Scorch
  1426 | D:1      | Reached XP level 3. HP: 26/26 MP: 1/8
  2321 | D:2      | Reached XP level 4. HP: 20/34 MP: 2/10
  2933 | D:3      | Reached skill level 1 in Fighting
  3139 | D:3      | Reached XP level 5. HP: 34/40 MP: 7/11
  3140 | D:3      | Reached skill level 1 in Armour
  3692 | D:4      | Noticed Grinder
  3711 | D:3      | Killed Grinder
  3712 | D:3      | Reached skill level 3 in Stealth
  3712 | D:3      | Reached XP level 6. HP: 19/47 MP: 1/13
  4051 | D:4      | Learned a level 3 spell: Inner Flame
  4230 | D:5      | Entered Level 5 of the Dungeon
  4354 | D:4      | Noticed Sigmund
  4368 | D:4      | Killed Sigmund
  4369 | D:4      | Reached XP level 7. HP: 55/55 MP: 7/14
  4649 | D:4      | Found a staircase to the Ecumenical Temple.
  4652 | D:4      | Noticed Eustachio
  4684 | D:4      | Killed Eustachio
  4772 | D:4      | Noticed Menkaure
  4776 | D:4      | Killed Menkaure
  5089 | D:5      | Noticed Prince Ribbit
  5104 | D:5      | Killed Prince Ribbit
  5250 | D:5      | Reached skill level 4 in Stealth
  5366 | D:5      | Reached XP level 8. HP: 61/62 MP: 9/16
  6096 | D:5      | Reached skill level 1 in Hexes
  6531 | D:6      | Noticed Edmund
  6533 | D:6      | Identified the ring "Ymocujyo" {rCorr MP+9 Int+2 Stlth+}
  6541 | D:6      | Killed Edmund
  7580 | D:7      | Noticed Maggie
  7587 | D:7      | Killed Maggie
  7588 | D:7      | Reached skill level 5 in Armour
  7588 | D:7      | Reached skill level 5 in Stealth
  7588 | D:7      | Reached XP level 9. HP: 32/71 MP: 17/18
  7835 | D:7      | Reached skill level 5 in Fire Magic
  9100 | D:8      | Noticed Psyche
  9106 | D:8      | Killed Psyche
  9107 | D:8      | Reached skill level 5 in Dodging
  9539 | D:8      | Found a staircase to the Lair.
  9983 | D:8      | Noticed an arcanist
  9989 | D:8      | Killed an arcanist
 10099 | D:8      | Noticed Jeremiah
 10172 | D:8      | Killed Jeremiah
 10173 | D:8      | Reached XP level 10. HP: 51/73 MP: 1/20
 10570 | D:8      | Reached skill level 1 in Short Blades
 10997 | D:8      | Reached skill level 5 in Conjurations
 11144 | D:9      | Reached skill level 5 in Spellcasting
 11164 | D:8      | Reached skill level 6 in Stealth
 11299 | D:9      | Noticed a two-headed ogre
 11307 | D:9      | Killed a two-headed ogre
 11308 | D:9      | Reached skill level 5 in Fighting
 11582 | D:9      | Noticed a deep elf pyromancer
 11591 | D:9      | Killed a deep elf pyromancer
 12068 | D:10     | Entered Level 10 of the Dungeon
 12073 | D:10     | Noticed a rust devil
 13305 | D:10     | Reached XP level 11. HP: 80/88 MP: 23/23
 13771 | D:11     | Found a gate leading to a gauntlet.
 13790 | D:11     | Learned a level 3 spell: Tukima's Dance
 13795 | D:11     | Learned a level 4 spell: Flame Wave
 13797 | D:11     | Learned a level 1 spell: Apportation
 13801 | Gauntlet | Entered a Gauntlet
 13801 | Gauntlet | Found a transporter.
 13801 | Gauntlet | Found a transporter.
 13802 | Gauntlet | Found a transporter.
 13804 | Gauntlet | Found a transporter.
 13805 | Gauntlet | Found a transporter.
 13810 | Gauntlet | Noticed a sixfirhy
 13841 | Gauntlet | Found a transporter.
 13850 | Gauntlet | Noticed an obsidian statue
 13851 | Gauntlet | Found a transporter.
 13855 | Gauntlet | Found a transporter.
 13857 | Gauntlet | Noticed a sixfirhy
 13859 | Gauntlet | Noticed a sixfirhy
 13871 | Gauntlet | Found a transporter.
 13887 | Gauntlet | Found a transporter.
 13891 | Gauntlet | Found a transporter.
 13894 | Gauntlet | Noticed a thrashing horror
 13917 | Gauntlet | Found a transporter.
 14110 | Gauntlet | Learned a level 2 spell: Jinxbite
 14143 | Gauntlet | Identified the +1 pair of gloves "Onloysyi" {Harm}
 14145 | Gauntlet | Killed a thrashing horror
 14205 | Gauntlet | Identified the +8 glaive "Doged" {flame, rN++}
 14205 | Gauntlet | Noticed a minotaur
 14238 | Gauntlet | HP: 3/89 [minotaur/the +8 glaive "Doged" {flame, rN++} (2)]
 14239 | Gauntlet | Killed a minotaur
 14691 | Gauntlet | Identified the +0 leather armour "Mepe" {Dex+3}
 14702 | Gauntlet | Identified the +8 fire dragon scales of Bitterness {^Drain
                  | rF++ rC- rCorr Int+5 Dex-2}
 15324 | D:11     | Found a runed translucent door.
 15324 | D:11     | Noticed an orc warlord
 15325 | D:11     | Noticed a four-headed hydra
 15325 | D:11     | Noticed a lich
 15326 | D:11     | Found a runed translucent door.
 15326 | D:11     | Noticed a skeletal warrior
 15327 | D:11     | Noticed jasper's ghost (journeyman OnCA)
 15327 | D:11     | Noticed a skeletal warrior
 15328 | D:11     | Noticed a skeletal warrior
 15331 | D:11     | Noticed a necromancer
 15333 | D:11     | Identified the +0 scale mail of the Forest {rF++ rN++
                  | Dex-4}
 15333 | D:11     | Noticed a skeletal warrior
 15362 | D:11     | Noticed a boulder beetle
 15389 | D:11     | Reached skill level 7 in Stealth
 15414 | D:11     | Killed a boulder beetle
 15899 | D:11     | Found a staircase to the Orcish Mines.
 15909 | D:11     | Reached skill level 5 in Hexes
 18168 | D:12     | Reached XP level 12. HP: 83/97 MP: 17/25
 18296 | D:12     | Noticed Erolcha
 18303 | D:12     | Killed Erolcha
 18324 | D:12     | Noticed Sonja
 18329 | D:12     | Killed Sonja
 18690 | D:12     | Reached skill level 1 in Translocations
 18984 | D:12     | Noticed Gastronok
 19113 | D:12     | Killed Gastronok
 19336 | D:13     | Noticed a centaur warrior
 19343 | D:13     | Killed a centaur warrior
 19397 | D:13     | Found a frozen archway.
 19405 | D:13     | Noticed a boulder beetle
 19450 | D:13     | Killed a boulder beetle
 19451 | D:13     | Reached skill level 8 in Stealth
 19488 | D:13     | Reached skill level 5 in Short Blades
 19511 | IceCv    | Entered an ice cave
 19964 | IceCv    | HP: 6/150 [ice beast[an ice statue] (2)]
 19964 | IceCv    | Slain by an ice beast

Illustrated notes

Levels and vault maps discovered:
D:1:      hellmonk_arrival_library, layout_basic,
          nicolae_concentric_dashed_squares_wild, corner_web_ring,
          chequers_hall_statues_y, minmay_cut_off
D:2:      layout_loops_ring
D:3:      layout_loops_ring, mainiacjoe_overflow_alcove_1,
          minmay_misc_feat_roman
D:4:      layout_loops_ring, kiku_gazebo_pond_becter,
          minmay_temple_entry_overgrown, dk_noncrumbling_3, grunt_ministairs_15,
          due_unseen_surprise, uniq_grinder, uniq_sigmund, uniq_eustachio,
          uniq_menkaure
D:5:      layout_loops_corners, nicolae_overflow_squiral,
          minmay_a_box_with_orc_wizards_in_it, uniq_prince_ribbit1
D:6:      layout_loops_ring, minivault_25, palyth_stone_intersect, uniq_edmund
D:7:      layout_loops_ring, nicolae_wu_jian_wuxing_cycle,
          grunt_temple_overflow_open, amcnicky_mini_pool_medium, uniq_maggie
D:8:      layout_cave_pods, trog_wizard, lair_entry_dummy, uniq_jeremiah,
          uniq_psyche
D:9:      layout_rooms, xom_shifter_show, grunt_dithmenos_smoke, serial_rivers,
          chequers_serial_rivers_room_b, chequers_serial_rivers_large_a,
          chequers_serial_rivers_marsh, chequers_serial_rivers_marsh,
          chequers_serial_rivers_small_3, minivault_7
D:10:     layout_long_grid
D:11:     layout_layer_cave, kennysheep_orc_monster_closet_entryway,
          muffindrake_ghost_dual_entry, gauntlet_entry_generic,
          nicolae_twisting_strands, kennysheep_dice
D:12:     layout_cave_pods, uniq_sonja, uniq_gastronok, uniq_erolcha
D:13:     layout_basic, serial_shops, nicolae_shop_back_alley_shop, shop,
          portal_ice_cave_entry_imps, uniq_frances
IceCv:    ice_cave_caverns_02

Skill      XL: |  1  2  3  4  5  6  7  8  9 10 11 12 |
---------------+-------------------------------------+-----
Conjurations   | 1 2 3 4 5 6 7 |  7.0
Stealth        | 2 3 4 5 6 7 8 |  8.1
Dodging        | 2 3 4 5 6 7 |  7.3
Spellcasting   | 2 3 4 5 6 |  6.7
Fire Magic     | 3 4 5 6 7 |  7.6
Fighting       | 1 2 3 4 5 6 7 |  7.1
Armour         | 1 2 3 5 6 7 |  7.0
Hexes          | 2 3 4 5 |  5.0
Short Blades   | 2 4 5 |  5.0
Translocations | 2 |  2.3

Action                     |  1- 3 |  4- 6 |  7- 9 | 10-12 || total
---------------------------+-------+-------+-------+-------++-------
  Melee: Short sword       |    20 |       |       |       ||    20
         Unarmed           |     2 |       |       |       ||     2
         Dagger            |    16 |    74 |   137 |   414 ||   641
         Punch             |       |       |     1 |     6 ||     7
         Dire flail        |       |       |       |     8 ||     8
  Throw: Dart              |       |       |       |     5 ||     5
   Cast: Foxfire           |    52 |    26 |   102 |   150 ||   330
         Scorch            |    18 |    24 |   111 |   228 ||   381
         Inner Flame       |       |       |     4 |     1 ||     5
         Flame Wave        |       |       |       |    13 ||    13
         Tukima's Dance    |       |       |       |     6 ||     6
         Jinxbite          |       |       |       |     3 ||     3
  Evoke: Wand              |       |       |     5 |    19 ||    24
         Lightning rod     |       |       |       |     4 ||     4
         Phantom mirror    |       |       |       |     1 ||     1
    Use: Scroll            |       |    10 |     3 |    11 ||    24
         Potion            |       |       |       |    12 ||    12
   Stab: Sleeping          |     4 |       |    11 |     7 ||    22
         Distracted        |       |       |       |     2 ||     2
 Armour: Robe              |     4 |       |       |       ||     4
         Ring mail         |    45 |    77 |   148 |   565 ||   835
         Skin              |       |       |       |    87 ||    87
         Plate armour      |       |       |       |    25 ||    25
  Dodge: Dodged            |    44 |    33 |   114 |   423 ||   614

Table legend: (Time is in decaauts)
 A = Elapsed time spent in this place.
 B = Non-inter-level travel time spent in this place.
 C = Inter-level travel time spent in this place.
 D = Time resting spent in this place.
 E = Time spent auto-exploring this place.
 F = Levels seen in this place.
 G = Mean time per level.
                   A        B        C        D        E       F      G
               +--------+--------+--------+--------+--------+-----+--------+
         Total |  19914 |  19568 |    346 |   7045 |   8914 |  15 | 1327.6 |
       Dungeon |  18574 |  18228 |    346 |   6314 |   8830 |  13 | 1428.8 |
      Ice Cave |    435 |    435 |      0 |    199 |     72 |   1 |  435.0 |
      Gauntlet |    904 |    904 |      0 |    531 |     12 |   1 |  904.0 |
               +--------+--------+--------+--------+--------+-----+--------+

Top non-repeatable levels by time:
    D:12: 2313 daAuts
    D:11: 2296 daAuts
     D:8: 2088 daAuts
     D:1: 1783 daAuts
    D:10: 1684 daAuts
     D:5: 1459 daAuts
     D:3: 1359 daAuts
     D:6: 1357 daAuts
     D:7: 1217 daAuts
     D:4: 1011 daAuts
     D:9: 973 daAuts
Gauntlet: 904 daAuts
     D:2: 847 daAuts
   IceCv: 435 daAuts
    D:13: 181 daAuts
